 Dungeon Crawl Stone Soup version 0.26.1-2-gb8aa6d0cf2 (webtiles) character file.

Game seed: 6020149653683187907

1952 nightchill the Grappler (level 9, -2/78 HPs)
             Began as a Ghoul Gladiator on Mar 19, 2021.
             Was a Priest of Nemelex Xobeh.
             Slain by a wolf (3 damage)
             ... led by Grum
             ... on level 9 of the Dungeon.
             The game lasted 00:11:15 (6171 turns).

nightchill the Grappler (Ghoul Gladiator)           Turns: 6171, Time: 00:11:16

Health: -2/78      AC:  6    Str: 20    XL:     9   Next: 18%
Magic:  12/12      EV: 11    Int:  4    God:    Nemelex Xobeh [***...]
Gold:   359        SH:  0    Dex: 10    Spells: 8/8 levels left

rFire    . . .     SeeInvis .     - Unarmed
rCold    + . .     Faith    .   (no shield)
rNeg     + + +     Spirit   .   e - +0 ring mail
rPois    ∞         Reflect  .   b - +0 helmet
rElec    .         Harm     .   (no cloak)
rCorr    .         Rampage  .   (no gloves)
Will     .....                  (no boots)
Stlth    ..........             (no amulet)
HPRegen  0.00/turn              (no ring)
MPRegen  0.13/turn              (no ring)

@: no status effects
A: claws 1, cold resistance 1, negative energy resistance 3, inhibited
regeneration, torment resistance, unbreathing
a: Renounce Religion, Draw Escape, Draw Destruction, Draw Summoning, Triple Draw


You were on level 9 of the Dungeon.
You worshipped Nemelex Xobeh.
Nemelex Xobeh was most pleased with you.
You visited 1 branch of the dungeon, and saw 7 of its levels.
You also visited: Ossuary.

You collected 359 gold pieces.

Inventory:

Missiles
 v - a throwing net (quivered)
Armour
 a - a +0 leather armour
 b - a +0 helmet (worn)
 e - a +0 ring mail (worn)
 i - a +0 ring mail
Jewellery
 p - an uncursed amulet of reflection {unknown}
Wands
 c - a wand of flame (11)
 s - a wand of iceblast (8)
 x - a wand of polymorph (6)
Scrolls
 f - 5 scrolls of remove curse {unknown}
 g - 3 scrolls of teleportation {unknown}
 h - a scroll of noise {unknown}
 l - a scroll of magic mapping {unknown}
 o - 7 scrolls of identify {unknown}
 u - 3 scrolls of amnesia {unknown}
 w - 4 scrolls of fear {unknown}
 y - a scroll of immolation {unknown}
 z - 2 scrolls of fog {unknown}
 A - a scroll of acquirement {unknown}
 B - a scroll of blinking {unknown}
 D - a scroll of vulnerability {unknown}
Potions
 d - 3 potions of curing {unknown}
 j - 2 potions of cancellation {unknown}
 k - a potion of degeneration {unknown}
 m - a potion of lignification {unknown}
 n - 2 potions of attraction {unknown}
 q - 2 potions of brilliance {unknown}
 r - a potion of might {unknown}
 t - 2 potions of haste {unknown}
 C - a potion of mutation {unknown}


   Skills:
 + Level 6.7 Fighting
 - Level 1.7 Throwing
 - Level 2.6 Dodging
 * Level 9.7 Unarmed Combat
 + Level 6.1 Invocations


You had 8 spell levels left.
You didn't know any spells.
Your spell library contained the following spells:

 Spells                   Type           Power        Failure   Level
 Animate Skeleton         Necr           0%           69%         1
 Apportation              Tloc           0%           69%         1
 Corona                   Hex            0%           69%         1
 Summon Small Mammal      Summ           0%           69%         1


Dungeon Overview and Level Annotations

Branches:
Dungeon (6/15)             Temple (0/1) D:4         Ossuary (visited)

Altars:
Cheibriados
Nemelex Xobeh
Okawaru
Wu Jian
Zin

Shops:
D:4 =

Annotations:
D:3 3 runed translucent doors, funkygono's ghost, amateur GrFi
D:9 Grum


Innate Abilities, Weirdness & Mutations

You thrive by killing the living.
You are immune to poison.
You have sharp fingernails.
Your flesh is cold resistant. (rC+)
You are immune to negative energy. (rN+++)
You do not regenerate when monsters are visible.
You are immune to unholy pain and torment.
You can survive without breathing.


Message History

The wolf barely misses you. Grum barely misses you. The wolf bites you.
* * * LOW HITPOINT WARNING * * *
The wolf misses you.
You scratch the wolf.
The wolf is severely wounded.
The wolf bites you!
* * * LOW HITPOINT WARNING * * *
The wolf closely misses you. Grum barely misses you.
You draw a card...
You have drawn the Tomb.
Nothing appears to happen.
The wolf bites you but does no damage. x2; The wolf bites you.
* * * LOW HITPOINT WARNING * * *
The wolf barely misses you.
You scratch the wolf. Your claw misses the wolf.
The wolf is almost dead.
The wolf barely misses you. Grum closely misses you. The wolf misses you.
You claw the wolf!
You kill the wolf!
The wolf bites you.
You die...
Your body disappears without a glow.

########......#
#......#......# ..
#......#......# ...
#......#......#
....#......#......#
....####'#+#......#
..................#
......#####...#####
......#@#°#...#
......#h'O#..)#
##+######g#####
............g..
...............
#############..


You could see Grum, an ogre and a wolf.

Vanquished Creatures
  Prince Ribbit (D:5)
  Grinder (D:3)
  Sigmund (D:2)
  A sky beast (D:5)
  3 wolves (D:9)
  2 elf zombies (Ossuary)
  5 howler monkeys
  A vampire bat (D:4)
  A bullfrog zombie (D:5)
  A hound (D:5)
  A jelly (D:5)
  2 orc priests
  Jessica (D:3)
  3 orc wizards
  Natasha (thrice) (D:2)
  A worker ant (D:5)
  A big kobold zombie (Ossuary)
  2 mummies (Ossuary)
  Robin (D:3)
  7 adders
  A shadow imp (D:3)
  2 white imps (D:5)
  3 adder zombies (Ossuary)
  A worm (D:2)
  2 dart slugs
  3 fire bats (D:4)
  2 leopard geckos
  8 orcs
  2 spectral bats (D:4)
  3 bat skeletons (D:4)
  A bat zombie (D:4)
  A giant cockroach (D:3)
  14 goblins
  15 hobgoblins
  10 jackals
  3 quokkas
  4 ball pythons
  12 bats
  A bat simulacrum (D:4)
  8 frilled lizards
  A hobgoblin zombie (Ossuary)
  A jackal skeleton (D:5)
  11 kobolds
  4 kobold zombies (Ossuary)
  2 quokka skeletons
  2 quokka zombies (Ossuary)
  5 rats
  5 rat zombies (Ossuary)
166 creatures vanquished.

Vanquished Creatures (collateral kills)
  An ogre (D:4)
  A mummy (Ossuary)
  A frilled lizard (D:4)
3 creatures vanquished.

Grand Total: 169 creatures vanquished

Notes
Turn   | Place    | Note
-------+----------+-------------------------------------------
     0 | D:1      | nightchill the Ghoul Gladiator began the quest for the Orb.
     0 | D:1      | Reached XP level 1. HP: 17/17 MP: 0/0
    81 | D:1      | Found a sparkling altar of Nemelex Xobeh.
   100 | D:1      | Became a worshipper of Nemelex Xobeh the Trickster
   167 | D:1      | Reached XP level 2. HP: 25/25 MP: 1/1
   495 | D:1      | Reached skill level 4 in Unarmed Combat
   526 | D:1      | Reached skill level 1 in Invocations
   526 | D:1      | Reached XP level 3. HP: 26/30 MP: 2/2
   691 | D:2      | Noticed Natasha
   699 | D:2      | Killed Natasha
   832 | D:2      | Reached XP level 4. HP: 38/38 MP: 4/4
   837 | D:2      | Noticed Sigmund
   853 | D:2      | Killed Sigmund
   854 | D:2      | Reached skill level 5 in Unarmed Combat
   854 | D:2      | Reached XP level 5. HP: 39/46 MP: 4/6
   854 | D:2      | Reached XP level 6. HP: 45/52 MP: 4/7
  1109 | D:2      | Noticed Natasha
  1119 | D:2      | Killed Natasha
  1223 | D:2      | Noticed Natasha
  1233 | D:2      | Killed Natasha
  1380 | D:2      | Reached * piety under Nemelex Xobeh
  1464 | D:2      | Reached skill level 6 in Unarmed Combat
  2116 | D:3      | Noticed Grinder
  2140 | D:3      | Killed Grinder
  2141 | D:3      | Reached XP level 7. HP: 29/60 MP: 8/8
  2401 | D:3      | Noticed Jessica
  2405 | D:3      | Killed Jessica
  2491 | D:3      | Received a gift from Nemelex Xobeh
  2577 | D:3      | Reached ** piety under Nemelex Xobeh
  2873 | D:3      | Noticed Robin
  2876 | D:3      | Reached skill level 7 in Unarmed Combat
  2896 | D:3      | Killed Robin
  3186 | D:3      | Found a runed translucent gate.
  3187 | D:3      | Found a runed translucent gate.
  3188 | D:3      | Found a runed translucent gate.
  3189 | D:3      | Noticed funkygono's ghost (amateur GrFi)
  3236 | D:4      | Received a gift from Nemelex Xobeh
  3309 | D:4      | Found a staircase to the Ecumenical Temple.
  3449 | D:4      | Reached skill level 5 in Fighting
  3715 | D:4      | Found Pahaciwk's Jewellery Boutique.
  3924 | D:4      | Reached XP level 8. HP: 68/68 MP: 10/10
  4079 | D:5      | Entered Level 5 of the Dungeon
  4216 | D:5      | Found an iron altar of Okawaru.
  4244 | D:5      | Found a sand-covered staircase.
  4250 | Ossuary  | Entered an ossuary
  4579 | Ossuary  | Reached skill level 8 in Unarmed Combat
  4836 | D:5      | Found an ornate altar of the Wu Jian Council.
  4849 | D:5      | Reached *** piety under Nemelex Xobeh
  4862 | D:5      | Found a snail-covered altar of Cheibriados.
  4874 | D:5      | Reached skill level 5 in Invocations
  5102 | D:5      | Received a gift from Nemelex Xobeh
  5180 | D:5      | Noticed Prince Ribbit
  5201 | D:5      | Killed Prince Ribbit
  5202 | D:5      | Reached skill level 9 in Unarmed Combat
  5532 | D:5      | Received a gift from Nemelex Xobeh
  5761 | D:5      | Reached XP level 9. HP: 56/78 MP: 12/12
  6030 | D:5      | Found a glowing silver altar of Zin.
  6108 | D:6      | You fall into a shaft and drop 3 floors!
  6155 | D:9      | Noticed Grum
  6169 | D:9      | HP: 1/78 [wolf[Grum] (3)]
  6171 | D:9      | Slain by a wolf

Illustrated notes

Levels and vault maps discovered:
D:1:      tarquinn_simple_flora_water_c, layout_loops_ring, minmay_crystal_room,
          nemelex_xobeh_ov_fountains_minmay
D:2:      layout_basic, uniq_sigmund, uniq_natasha
D:3:      layout_basic, ebering_ghost_rock_garden, minmay_between, uniq_robin,
          uniq_grinder, uniq_jessica
D:4:      layout_rooms, temple_green, serial_shops, shop_statue, goddamned_bats
D:5:      layout_loops_corners, pdpol_wu_jian_five_deadly_venoms,
          kennysheep_mini_moat, zin_treasury, nicolae_ossuary_entry_plus,
          basic_altar, bh_walls_and_bars, uniq_prince_ribbit1
D:6:      layout_loops_corners, lemuel_coloured_pillars_altar,
          nicolae_dithmenos_shadow_blocks, kennysheep_mini,
          kennysheep_generic_room_8, uniq_crazy_yiuf_cottage
D:9:      layout_irregular_city, lemuel_round_altar, uniq_gastronok, uniq_grum

Skill      XL: |  1  2  3  4  5  6  7  8  9 |
---------------+----------------------------+-----
Unarmed Combat | 4 5 6 7 9 |  9.7
Invocations    | 1 2 3 4 5 6 |  6.1
Fighting       | 3 4 5 6 |  6.7
Throwing       | |  1.7
Dodging        | |  2.6

Action                   |  1- 3 |  4- 6 |  7- 9 || total
-------------------------+-------+-------+-------++-------
Melee: Unarmed           |    67 |    87 |   326 ||   480
       Punch             |     1 |     1 |     8 ||    10
Throw: Throwing net      |       |     5 |     1 ||     6
Invok: Draw Summoning    |       |       |     2 ||     2
       Draw Escape       |       |       |     3 ||     3
       Draw Destruction  |       |       |     5 ||     5
 Stab: Held in net/web   |       |     1 |       ||     1
Armor: Ring mail         |    22 |    20 |   106 ||   148
       Leather armour    |     2 |       |       ||     2
Dodge: Dodged            |    31 |    56 |   194 ||   281
